 Dungeon Crawl Stone Soup version 0.29.1-15-g9cfb28693d (webtiles) character file.

Game seed: 12389705936032229754

100 Artool the Trooper (level 4, -10/37 HPs)
             Began as a Demonspawn Fighter on Apr 6, 2023.
             Killed from afar by an orc wizard (11 damage)
             ... with a puff of flame
             ... on level 3 of the Dungeon.
             The game lasted 00:02:38 (1811 turns).

Artool the Trooper (Demonspawn Fighter)             Turns: 1811, Time: 00:02:39

Health: -10/37     AC:  6    Str: 18    XL:     4   Next: 47%
Magic:  4/4        EV:  9    Int:  9    God:
Gold:   145        SH:  4    Dex: 13    Spells: 3/3 levels left

rFire   . . .      SeeInvis .   a - +0 flail
rCold   . . .      Faith    .   c - +0 buckler
rNeg    . . .      Spirit   .   b - +0 scale mail
rPois   .          Reflect  .   (no helmet)
rElec   .          Harm     .   (no cloak)
rCorr   .          Rampage  .   (no gloves)
Will    .....                   (no boots)
Stlth   ..........              (no amulet)
HPRegen 0.12/turn               (no ring)
MPRegen 0.09/turn               (no ring)

@: no status effects
A: powered by death 1, condensation shield
a: no special abilities


You were on level 3 of the Dungeon.
You visited 1 branch of the dungeon, and saw 3 of its levels.

You collected 145 gold pieces.

Inventory:

Hand Weapons
 a - a +0 flail (weapon)
Armour
 b - a +0 scale mail (worn)
 c - a +0 buckler (worn)
Jewellery
 r - a +6 ring of intelligence
Wands
 s - a wand of mindburst (18)
Scrolls
 f - 6 scrolls of identify {unknown}
 h - 2 scrolls of fear {unknown}
 l - a scroll of butterflies {unknown}
 m - a scroll of vulnerability {unknown}
 n - 2 scrolls of amnesia {unknown}
 p - a scroll of brand weapon {unknown}
Potions
 d - a potion of might
 e - 3 potions of curing {unknown}
 g - 2 potions of cancellation {unknown}
 i - a potion of haste {unknown}
 j - 2 potions of heal wounds {unknown}
 k - 2 potions of brilliance {unknown}
 o - a potion of resistance {unknown}
 q - a potion of ambrosia {unknown}


   Skills:
 + Level 3.9 Fighting
 + Level 2.8 Maces & Flails
 + Level 3.5 Armour
 - Level 2.6 Shields


You had 3 spell levels left.
You didn't know any spells.
Your spell library contained the following spells:

 Spells                   Type           Power      Damage    Failure   Level
 Call Canine Familiar     Summ           0%         N/A       99%         3
 Portal Projectile        Hex/Tloc       0%         N/A       99%         3
 Leda's Liquefaction      Hex/Erth       0%         N/A       100%        4


Dungeon Overview and Level Annotations

Branches:
Dungeon (3/15)

Altars:

Shops:
D:1 (

Annotations:
D:3 1 runed translucent door


Innate Abilities, Weirdness & Mutations

You regenerate a little health from kills.
A meltable shield of frost defends you. (SH +0)


Message History

You feel less confused.
The orc wizard hits you but does no damage.
You closely miss the orc wizard.
The orc wizard is heavily wounded.
The orc wizard gestures at you while chanting.
The puff of flame hits you! The orc wizard completely misses you.
You hit the orc wizard but do no damage.
The orc wizard is heavily wounded.
The orc wizard hits you with a +0 dagger.
You hit the orc wizard.
The orc wizard is heavily wounded.
The orc wizard points at you and mumbles some strange words.
You resist with some effort.
You closely miss the orc wizard.
The orc wizard is heavily wounded.
The orc wizard mumbles some strange words.
The orc wizard flickers and vanishes!
Deactivating autopickup; reactivate with Ctrl-A.
You completely miss something.
Something hits you but does no damage. x2
You miss something. Something hits you but does no damage.
You barely miss something.
You hear some strange, mumbled words.
A magic dart appears from out of thin air!
The magic dart hits you.
* * * LOW HITPOINT WARNING * * *
You barely miss something.
Something hits you but does no damage. x2
You barely miss something.
You hear some strange, mumbled words.
A puff of flame appears from out of thin air!
The puff of flame hits you.
* * * LOW HITPOINT WARNING * * *
You completely miss something. Something hits you.
* * * LOW HITPOINT WARNING * * *
You barely miss something. Something hits you.
* * * LOW HITPOINT WARNING * * *
The orc throws a boomerang.
You hear some strange, mumbled words.
A puff of flame appears from out of thin air!
The puff of flame hits you!
You die...

+## ...# ..# #.# #
#.########.#. .
#...†........ #..
#..#......####...#
##+#..#..#####....#
#.....#.....@{o#
#.....#.######....#
##..<..#+###
###...#
#.>........# #..
###..........# .
.......<.....#
.............+
.......#.....#
....#+##.....#


You could see an orc.

Vanquished Creatures
  A hound (D:2)
  3 adders (D:2)
  A dart slug (D:1)
  2 ball pythons (D:2)
  4 bats
  2 endoplasms (D:2)
  2 giant cockroaches
  A goblin (D:1)
  7 hobgoblins
  7 jackals
  3 kobolds
  A quokka (D:2)
  4 frilled lizards
  2 rats
40 creatures vanquished.

Vanquished Creatures (others)
  A fungus (D:1)
  A plant (D:1)
2 creatures vanquished.

Grand Total: 42 creatures vanquished

Notes
Turn   | Place    | Note
-------+----------+-------------------------------------------
     0 | D:1      | Artool the Demonspawn Fighter began the quest for the Orb.
     0 | D:1      | Reached XP level 1. HP: 18/18 MP: 1/1
   227 | D:1      | Gained mutation: You regenerate a little health from kills.
                  | [demonic ancestry]
   227 | D:1      | Reached XP level 2. HP: 24/24 MP: 2/2
   334 | D:1      | Found Visaufet's Antique Weapon Shoppe.
   654 | D:1      | Found a faded altar of an unknown god.
  1009 | D:2      | Reached XP level 3. HP: 19/29 MP: 3/3
  1231 | D:2      | Gained mutation: A meltable shield of frost defends you.
                  | (SH +0) [demonic ancestry]
  1231 | D:2      | Reached XP level 4. HP: 37/37 MP: 4/4
  1775 | D:3      | Found a runed translucent door.
  1811 | D:3      | HP: 1/37 [something (4)]
  1811 | D:3      | Killed from afar by an orc wizard

Illustrated notes

Levels and vault maps discovered:
D:1:      scummos_arrival_simple_fountains, layout_loops_ring,
          shapermc_ecumenical_altar_mp_ritualfount, serial_shops,
          shop_fountains, chequers_big_river, hangedman_decor_slide_cut
D:2:      layout_basic, minmay_misc_feat_rows
D:3:      minmay_general_purpose_star, layout_basic,
          ebering_ghost_reflecting_pool

Skill      XL: |  1  2 |
---------------+-------+-----
Maces & Flails | 2 |  2.8
Armour         | 3 |  3.5
Fighting       | |  3.9
Shields        | |  2.6

Action                   |  1- 3 |  4- 6 || total
-------------------------+-------+-------++-------
Melee: Flail             |    89 |    84 ||   173
Armor: Scale mail        |    61 |    41 ||   102
Dodge: Dodged            |    56 |    33 ||    89
Block: Buckler           |    31 |    43 ||    74
